 Dungeon Crawl Stone Soup version 0.29-a0-474-gdfe5cd140f (webtiles) character file.

Game seed: 14842092299125755312

13764 Gargoyl the Cleaver (level 12, -5/77 HPs)
             Began as a Gargoyle Berserker on May 24, 2022.
             Was a Priest of Trog.
             Slain by a death knight
             ... wielding a +0 halberd
              (20 damage)
             ... on level 11 of the Dungeon.
             The game lasted 00:14:39 (13230 turns).

Gargoyl the Cleaver (Gargoyle Berserker)           Turns: 13230, Time: 00:14:41

Health: -5/77      AC: 23    Str: 21    XL:     12   Next: 9%
Magic:  12/12      EV: 14    Int:  9    God:    Trog [***...]
Gold:   459        SH:  0    Dex: 21    Spells: 11/11 levels left

rFire   . . .      SeeInvis .   o - +5 war axe (flame)
rCold   + + .      Faith    .   (no shield)
rNeg    + . .      Spirit   .   u - +1 scale mail {rC+}
rPois   ∞          Reflect  .   (no helmet)
rElec   +          Harm     .   B - +2 cloak
rCorr   .          Rampage  .   (no gloves)
Will    ++...                   q - +0 pair of boots
Stlth   +.........              (no amulet)
HPRegen 1.22/turn               m - ring of protection from cold
MPRegen 0.13/turn               F - +6 ring of dexterity

@: strong-willed (expiring), on berserk cooldown, regenerating (expiring),
slowed, very slow
A: sickness immunity, AC +8, negative energy resistance 1, electricity
resistance, torment resistance 1, petrification resistance, agile 1, subdued
magic 1, noise suppression
a: Renounce Religion, Berserk, Trog's Hand


You were on level 11 of the Dungeon.
You worshipped Trog.
Trog was most pleased with you.
You visited 1 branch of the dungeon, and saw 11 of its levels.

You collected 679 gold pieces.
You spent 220 gold pieces at shops.

Inventory:

Hand Weapons
 a - a +0 hand axe
 k - a +1 hand axe of freezing
 o - a +5 war axe of flaming (weapon)
 v - a +5 scimitar
Missiles
 h - 27 poisoned darts
 w - 7 curare-tipped darts (quivered)
Armour
 q - a +0 pair of boots (worn)
 u - a +1 scale mail of cold resistance (worn)
 B - a +2 cloak (worn)
Jewellery
 m - a ring of protection from cold (left hand)
 F - a +6 ring of dexterity (right hand)
Wands
 n - a wand of acid (5)
 r - a wand of polymorph (9)
 t - a wand of digging (5)
 y - a wand of flame (17)
 C - a wand of iceblast (16)
Scrolls
 c - 5 scrolls of identify
 d - 3 scrolls of teleportation
 i - 2 scrolls of fear
 l - a scroll of fog
 D - a scroll of magic mapping
Potions
 b - a potion of berserk rage
 e - 4 potions of curing
 f - 2 potions of heal wounds
 g - a potion of cancellation
 j - 3 potions of lignification
 p - 4 potions of flight
 s - a potion of resistance
 x - 3 potions of brilliance
 z - a potion of mutation
 A - 2 potions of attraction


   Skills:
 + Level 9.7 Fighting
 + Level 11.6(11.7) Axes
 + Level 1.7(7.6) Polearms
 + Level 10.2 Armour
 + Level 6.4 Dodging
 + Level 3.4 Stealth


You had 11 spell levels left.
You didn't know any spells.
Your spell library was empty.

Dungeon Overview and Level Annotations

Branches:
Dungeon (11/15)            Temple (0/1) D:5            Lair (0/6) D:10
    Orc: D:9-12

Altars:
Ashenzari
Cheibriados
Elyvilon
Kikubaaqudgha
Makhleb
Nemelex Xobeh
Okawaru
Sif Muna
Trog
Vehumet
Xom
Yredelemnul

Shops:
D:5 !*   D:8 *


Innate Abilities, Weirdness & Mutations

You are immune to sickness and miasma.
Your stone body is resilient. (AC +8)
You are immune to poison.
You resist negative energy. (rN+)
You are resistant to electric shocks. (rElec)
You are resistant to unholy torment.
You are immune to petrification.
You are agile. (Dex +2)
Your spells are a little easier to cast, but a little less powerful.
You passively dampen the noise of your surroundings.


Message History

The death knight shouts!
The death knight moves out of view.
You feel your anger nearly subside.
You are no longer berserk.
You are exhausted.
You feel yourself slow down.
You feel the effects of Trog's Hand fading.
Things that are here:
a +0 morningstar; a +0 plate armour
Okay, then.
The death knight mumbles some strange prayers to Yredelemnul against you.
You resist with almost no effort.
The death knight invokes the aid of Yredelemnul against you.
You resist with almost no effort.
Your skin stops crawling.
You feel less strong-willed.
The death knight offers itself to Yredelemnul, and fills with unholy energy.
The death knight hits you but does no damage.
Your skin crawls.
You feel strong-willed.
The death knight hits you but does no damage.
The death knight misses you. The death knight closely misses you.
You barely miss the death knight.
You feel the effects of Trog's Hand fading.
The death knight closely misses you.
The death knight hits you but does no damage.
You hit the death knight. You burn the death knight.
The death knight is lightly wounded.
The death knight reflects your damage back at you!
The death knight hits you with a +0 halberd!
You slash the death knight! You burn the death knight!
The death knight is moderately wounded.
The death knight reflects your damage back at you!
The death knight hits you with a +0 halberd!
You closely miss the death knight.
The death knight is moderately wounded.
The death knight's dark mirror aura disappears.
The death knight hits you with a +0 halberd!
* * * LOW HITPOINT WARNING * * *
The death knight hits you with a +0 halberd!!
You die...

.#
#.#..#.#.#.#.#.#.########
.# #.#..#.#.#.#.#.#.# .#
#.#..#.#.#.#.#.#.# ##
#.#..#.#.#.....#.#
#.#....#.###.###.#
##.##.............#
#.........###.#####
##.########.#.#
######.....@..#.#
..........p.#.#.#
..............#.#
........#)#####.#
........#.......#
$.......#.#######
##.$.^..### [##.....#
}2#.....#


You could see a death knight.

Vanquished Creatures
  The ghost of Opifex the Basher, a journeyman TrFi of Okawaru (D:10)
  Josephine (D:11)
  A hydra (D:9)
  The ghost of kuniqs the Destroyer, a journeyman DsCj (D:10)
  A death knight (D:11)
  2 two-headed ogres
  2 ugly things (D:9)
  Maurice (D:8)
  A freezing wraith (D:9)
  2 trolls
  2 wyverns
  5 yaks
  7 wraiths
  6 steam dragons
  A basilisk (D:10)
  3 water moccasins
  4 sky beasts
  An ice beast (D:6)
  3 orc warriors
  3 black bears
  3 centaurs
  2 phantoms (D:6)
  Blork the orc (D:4)
  2 kobold brigands
  A necrophage (D:8)
  4 bullfrogs
  15 wights
  8 killer bees
  10 howler monkeys
  A crimson imp (D:4)
  8 orc priests
  5 hounds
  A human zombie (D:8)
  4 jellies
  A human skeleton (D:8)
  5 iguanas
  14 orc wizards
  12 gnolls
  5 adders
  A shadow imp (D:6)
  A white imp (D:7)
  An ufetubus (D:5)
  5 dart slugs
  49 orcs
  2 bats (D:1)
  7 endoplasms
  2 giant cockroaches
  4 goblins (D:1)
  8 hobgoblins
  13 jackals
  11 kobolds
  6 quokkas
  6 ball pythons
  3 frilled lizards
  A jackal zombie (D:8)
  6 rats
276 creatures vanquished.

Vanquished Creatures (others)
  A human (D:8)
  An orc wizard (D:9)
  A kobold (D:8)
  5 withered plants (D:10)
8 creatures vanquished.

Grand Total: 284 creatures vanquished

Notes
Turn   | Place    | Note
-------+----------+-------------------------------------------
     0 | D:1      | Gargoyl the Gargoyle Berserker began the quest for the Orb.
     0 | D:1      | Reached XP level 1. HP: 14/14 MP: 1/1
   173 | D:1      | Reached XP level 2. HP: 19/19 MP: 2/2
   178 | D:1      | Reached skill level 3 in Axes
   388 | D:1      | Reached XP level 3. HP: 11/24 MP: 3/3
   802 | D:1      | Reached ** piety under Trog
  1735 | D:2      | Reached XP level 4. HP: 25/29 MP: 4/4
  2231 | D:2      | Reached skill level 1 in Stealth
  2368 | D:3      | Reached XP level 5. HP: 33/33 MP: 5/5
  2431 | D:3      | HP: 1/33 [gnoll/+1 whip of flaming (2)]
  2851 | D:3      | Found a faded altar of an unknown god.
  3403 | D:4      | Found a sand-covered staircase.
  3408 | D:4      | You fall into a shaft and drop 2 floors!
  3422 | D:6      | Noticed an orc warrior
  3429 | D:6      | Killed an orc warrior
  3430 | D:6      | Reached skill level 4 in Axes
  3430 | D:6      | Reached skill level 1 in Polearms
  3430 | D:6      | Reached XP level 6. HP: 39/39 MP: 6/6
  3689 | D:6      | Reached XP level 7. HP: 27/44 MP: 7/7
  3856 | D:5      | Entered Level 5 of the Dungeon
  4018 | D:4      | Noticed Blork the orc
  4067 | D:4      | Found a bloodstained altar of Trog.
  4108 | D:4      | Killed Blork the orc
  4109 | D:4      | Reached skill level 5 in Axes
  4109 | D:4      | Reached skill level 5 in Armour
  4158 | D:4      | Reached skill level 5 in Fighting
  4158 | D:4      | Reached XP level 8. HP: 46/49 MP: 8/8
  4416 | D:4      | Found an iron altar of Okawaru.
  4706 | D:4      | Found a burning altar of Makhleb.
  4826 | D:4      | Found a shimmering altar of Xom.
  5431 | D:5      | Found Tesi's Distillery.
  5473 | D:5      | Bought a potion of resistance for 140 gold pieces
  5583 | D:5      | Found an ancient bone altar of Kikubaaqudgha.
  5667 | D:5      | Found a staircase to the Ecumenical Temple.
  5700 | D:5      | Found Wubbeson's CLEARANCE SALE!.
  5708 | D:5      | Bought a +1 scale mail of cold resistance for 80 gold
                  | pieces
  6083 | D:6      | Reached skill level 6 in Axes
  6734 | D:6      | Reached XP level 9. HP: 55/55 MP: 9/9
  7158 | D:7      | Reached skill level 7 in Axes
  8243 | D:8      | Reached skill level 5 in Dodging
  8249 | D:8      | Reached skill level 8 in Axes
  8278 | D:8      | Reached XP level 10. HP: 41/63 MP: 10/10
  8455 | D:8      | Found Peurur's General Store.
  8630 | D:8      | Found a runed translucent door.
  8652 | D:8      | Found a basalt altar of Yredelemnul.
  8682 | D:8      | Noticed Maurice
  9129 | D:8      | Killed Maurice
  9532 | D:8      | Reached skill level 9 in Axes
  9677 | D:8      | Reached *** piety under Trog
  9946 | D:8      | Found a shimmering blue altar of Sif Muna.
 10095 | D:8      | Found a sparkling altar of Nemelex Xobeh.
 10128 | D:9      | Gained mutation: Your spells are a little easier to cast,
                  | but a little less powerful. [potion of mutation]
 10128 | D:9      | Gained mutation: You are agile. (Dex +2) [potion of
                  | mutation]
 10128 | D:9      | Gained mutation: You passively dampen the noise of your
                  | surroundings. [potion of mutation]
 10141 | D:9      | Noticed a red ugly thing
 10155 | D:9      | Killed a red ugly thing
 10229 | D:10     | Entered Level 10 of the Dungeon
 10612 | D:9      | Reached XP level 11. HP: 40/68 MP: 11/11
 10856 | D:9      | Noticed a two-headed ogre
 10864 | D:9      | Killed a two-headed ogre
 10865 | D:9      | Reached skill level 10 in Axes
 10985 | D:9      | Found a white marble altar of Elyvilon.
 11451 | D:9      | Noticed an eight-headed hydra
 11465 | D:9      | Killed a one-headed hydra
 11834 | D:9      | Noticed a green ugly thing
 11855 | D:9      | Killed a green ugly thing
 12325 | D:10     | Found a runed translucent gate.
 12328 | D:10     | Found a runed translucent gate.
 12329 | D:10     | Found a runed translucent gate.
 12330 | D:10     | Noticed kuniqs's ghost (journeyman DsCj)
 12331 | D:10     | Noticed Opifex's ghost (journeyman TrFi)
 12342 | D:10     | Found a staircase to the Lair.
 12442 | D:10     | Found Pidwen's Antique Weapon Boutique.
 12514 | D:10     | Found a snail-covered altar of Cheibriados.
 12514 | D:10     | Found a radiant altar of Vehumet.
 12523 | D:10     | Found a faded altar of an unknown god.
 12525 | D:10     | Found a broken altar of Ashenzari.
 12527 | D:10     | Found a faded altar of an unknown god.
 12608 | D:10     | Noticed a two-headed ogre
 12617 | D:10     | Killed a two-headed ogre
 12716 | D:10     | Killed Opifex's ghost
 12717 | D:10     | Reached skill level 11 in Axes
 12724 | D:10     | Killed kuniqs's ghost
 12725 | D:10     | Reached skill level 10 in Armour
 12821 | D:11     | Noticed Josephine
 12849 | D:11     | Killed Josephine
 12855 | D:11     | Reached XP level 12. HP: 76/76 MP: 12/12
 13199 | D:11     | Noticed a death knight
 13211 | D:11     | Killed a death knight
 13217 | D:11     | Noticed a death knight
 13230 | D:11     | Slain by a death knight

Illustrated notes

Levels and vault maps discovered:
D:1:      beargit_arrival_diablo_church, layout_basic
D:2:      layout_basic
D:3:      layout_loops_cross, nicolae_ecumenical_oubliette,
          minmay_misc_feat_secret_circle
D:4:      layout_loops_ring, grunt_temple_overflow_champion_of_chaos,
          trog_ov_bears_minmay, mainiacjoe_overflow_surrounded_room,
          nicolae_ossuary_entry_plus, portal_sewer_entry_d, uniq_blork_the_orc
D:5:      layout_basic, lemuel_tele_altar, temple_hall_moat, serial_shops,
          nicolae_shop_advertising_works [nicolae_subvault_shop_adworks],
          nicolae_shop_clearance
D:6:      layout_basic
D:7:      layout_basic, sigmund_army
D:8:      layout_loops_cross, lemuel_blue_sif_altar, dk_yredelemnul_ordeal,
          nemelex_xobeh_ov_fountains_minmay, special_room [special_room_orc],
          serial_shops, nicolae_shop_crystal, kennysheep_generic_room_5,
          uniq_maurice
D:9:      minmay_diamond_stairs, layout_basic, elyvilon_altar_3,
          hangedman_misty_isle
D:10:     layout_roguey, chequers_temple_overflow_minitemple,
          david_lair_generic, serial_shops, nicolae_shop_crystal,
          gammafunk_ghost_cemetery
D:11:     cheibrodos_tormentor_scu, layout_basic, nicolae_stop_n_shop_1,
          uniq_josephine

Skill      XL: |  1  2  3  4  5  6  7  8  9 10 11 |
---------------+----------------------------------+-----
Axes           | 3 4 5 6 8 9 11 | 11.6
Dodging        | 2 3 5 6 |  6.4
Stealth        | 1 2 3 |  3.4
Armour         | 3 4 5 6 7 8 10 | 10.2
Fighting       | 4 5 6 7 8 9 |  9.7
Polearms       | 1 |  1.7

Action                   |  1- 3 |  4- 6 |  7- 9 | 10-12 || total
-------------------------+-------+-------+-------+-------++-------
Melee: Hand axe          |   156 |   115 |   450 |   312 ||  1033
       Scythe            |       |    34 |       |       ||    34
       Punch             |       |     1 |     6 |    11 ||    18
       War axe           |       |       |       |   147 ||   147
Throw: Dart              |       |       |     1 |       ||     1
Invok: Berserk           |     2 |     3 |     8 |    14 ||    27
       Trog's Hand       |       |     2 |    12 |    11 ||    25
  Use: Scroll            |     8 |     3 |     4 |    11 ||    26
       Potion            |       |       |     2 |     2 ||     4
 Stab: Distracted        |       |       |       |     1 ||     1
Armor: Animal skin       |    20 |       |       |       ||    20
       Ring mail         |    48 |    86 |    77 |       ||   211
       Scale mail        |       |       |   231 |   313 ||   544
Dodge: Dodged            |   110 |   124 |   365 |   297 ||   896

Table legend: (Time is in decaauts)
 A = Elapsed time spent in this place.
 B = Non-inter-level travel time spent in this place.
 C = Inter-level travel time spent in this place.
 D = Time resting spent in this place.
 E = Time spent auto-exploring this place.
 F = Levels seen in this place.
 G = Mean time per level.
                   A        B        C        D        E       F      G
               +--------+--------+--------+--------+--------+-----+--------+
         Total |  13455 |  13234 |    221 |    543 |   9970 |  11 | 1223.2 |
       Dungeon |  13455 |  13234 |    221 |    543 |   9970 |  11 | 1223.2 |
               +--------+--------+--------+--------+--------+-----+--------+

Top non-repeatable levels by time:
     D:9: 1884 daAuts
     D:6: 1591 daAuts
     D:8: 1513 daAuts
     D:7: 1482 daAuts
     D:2: 1222 daAuts
     D:4: 1189 daAuts
     D:1: 1167 daAuts
     D:5: 1064 daAuts
     D:3: 1057 daAuts
    D:10: 822 daAuts
    D:11: 459 daAuts
